AoeStats
← HoundDog914030

Arabia

509841963Analyzed
1v1 RM · 5d ago on Sep 28, 2026· 42m 26s· 2 players
Game mode
Random Map
Map size
Tiny (2 player)
Population
200
Speed
Normal
Resources
Standard
Victory
Conquest
Starting age
Dark Age
Ending age
Imperial Age
RankedLock teamsTeams togetherTeam positionsShared explorationLock speedFull tech treeHidden civsTurbo modeCheats
Victory
Defeat
🇷🇺 Ethiopians · Russia
645
+15
🇬🇧 Danes · United Kingdom
618
-15
HoundDog914030
10:30 Loom
12:28 Feudal Age
10:45 Loom
19:10 Castle Age
21:29 Squires
25:56 Wheelbarrow
29:10 Scale Mail Armor
33:29 Elite Skirmisher
35:07 Double-Bit Axe
35:25 Horse Collar
36:10 Bow Saw
39:17 Imperial Age
37:28 Stone Mining
37:29 Gold Mining
39:34 Thumb Ring
40:14 Hamask
40:29 Pikeman
NOMADSSON
6:32 Loom
9:45 Feudal Age
10:22 Horse Collar
10:29 Double-Bit Axe
12:46 Gold Mining
20:30 Castle Age
20:36 Fletching
20:46 Padded Archer Armor
24:36 Bow Saw
25:09 Wheelbarrow
24:20 Crossbowman
25:40 Gold Shaft Mining
25:43 Leather Archer Armor
29:25 Thumb Ring
32:25 Ballistics
37:13 Imperial Age
35:03 Hand Cart
Connection lost

Rejoining the realm…

Still unreachable

The connection could not be restored.

Session expired

The server has moved on; the page needs a fresh start.